 Dungeon Crawl Stone Soup version 0.20.0-4-g10b340a (webtiles) character file.

60 MDvedh the Poker (level 4, -1/33 HPs)
             Began as a Merfolk Skald on May 27, 2017.
             Slain by a kobold
             ... wielding a +0 club
              (2 damage)
             ... on level 2 of the Dungeon.
             The game lasted 00:01:54 (1110 turns).

MDvedh the Poker (Merfolk Skald)                    Turns: 1110, Time: 00:01:55

Health: -1/33      AC:  3    Str: 12    XL:     4   Next: 4%
Magic:  7/7        EV: 16    Int: 12    God:
Gold:   39         SH:  3    Dex: 13    Spells: 6/7 levels left

rFire    . . .     SeeInvis .   a - +0 spear
rCold    . . .     Gourm    .   k - +0 buckler
rNeg     . . .     Faith    .   b - +0 leather armour
rPois    .         Spirit   .   (no helmet)
rElec    .         Reflect  .   l - scarf {repulsion}
rCorr    .         Harm     .   (no gloves)
MR       .....                  (no boots)
Stlth    +.........             (no amulet)
Regen    0.2/turn               j - +5 ring of evasion
MPRegen  0.1/turn               (no ring)

@: lethally poisoned (-1 -> -6), about to teleport, repel missiles
A: change form in water, swift swim, stealthy swim
a: no special abilities


You were on level 2 of the Dungeon.
You were hungry.

You visited 1 branch of the dungeon, and saw 2 of its levels.

You collected 39 gold pieces.

Inventory:

Hand Weapons
 a - a +0 spear (weapon)
Armour
 b - a +0 leather armour (worn)
 k - a +0 buckler (worn)
 l - a scarf of repulsion (worn)
Jewellery
 j - a +5 ring of evasion (left hand)
Scrolls
 g - a scroll of blinking {unknown}
 n - a scroll of identify {unknown}
Books
 c - a book of Battle

   Spells                             Type                      Level
   a - Infusion                       Charms                       1
   b - Shroud of Golubria             Charms/Translocation         2
   c - Song of Slaying                Charms                       2
   d - Spectral Weapon                Hexes/Charms                 3
   e - Regeneration                   Charms/Necromancy            3
Comestibles
 d - a bread ration
 f - a royal jelly
 h - 3 fruits


   Skills:
 - Level 2.1 Fighting
 + Level 6.1 Polearms
 - Level 0.6 Armour
 - Level 2.6 Dodging
 - Level 2.0 Spellcasting
 - Level 3.2 Charms


You had 6 spell levels left.
You knew the following spells:

 Your Spells              Type           Power        Failure   Level  Hunger
a - Infusion              Chrm           #...         16%         1    ##.....


Dungeon Overview and Level Annotations

Branches:
Dungeon (2/15)

Altars:


Message History

You feel sick. The kobold hits you with a club.
* * * LOW HITPOINT WARNING * * *
The adder closely misses you.
You hit the adder.
You kill the adder!
Your Polearms skill increases to level 6!
You have reached level 4!
* * * LOW HITPOINT WARNING * * *
You feel sick. The kobold hits you but does no damage.
As you read the scroll labeled MINOF MEPAXU, it crumbles to dust.
You feel aware of your surroundings.
It was a scroll of magic mapping.
The kobold hits you but does no damage.
As you read the scroll labeled YNNUENUKEA, it crumbles to dust.
You feel strangely unstable.
It was a scroll of teleportation.
* * * LOW HITPOINT WARNING * * *
You feel sick.
As you read the scroll labeled UTSUNK EZAJES, it crumbles to dust.
The creatures around you are filled with an inner flame!
It was a scroll of immolation.
The kobold hits you with a club.
You die...

*,,,,,,,,,,,,,* *,,,,,*
*,,,, *,**********#.#
***,*** *,*** *,* #.# *,,*
*,* *,* #.# **,* *,* *,*
#.# *,* *,*** *,*
#######.###****,* *,*,,
****,* ##......g...,,,*,*
*,*,* ,,,,,*
##.#.####K###**,*,* *,*,*
,*****##.###.###@# *,*,*
**,*,* ,* ##.##
##รท##.#####.*,***,,,,, ,*
#.## ##.......S..,,,,,,,,,
,* ##.##
##.##.#####.#****,,,,, ,*
##.###.###...,,,,,,,,**,**,
,***
#...#...########,***,**,**,
,,,*
#.##.##.........,***,*,,,*,
**,*
#.#####.########**,,,,,,,,,
*,* #.# #.# *,*,*,,,**


You could see a hobgoblin (inner flame) and a kobold (inner flame).

Vanquished Creatures
  4 adders (D:2)
  An ooze (D:1)
  A dart slug (D:1)
  A leopard gecko (D:1)
  5 bats
  A giant cockroach (D:1)
  4 goblins
  A kobold (D:2)
18 creatures vanquished.

Notes
Turn   | Place    | Note
-------+----------+-------------------------------------------
     0 | D:1      | MDvedh the Merfolk Skald began the quest for the Orb.
     0 | D:1      | Reached XP level 1. HP: 16/16 MP: 3/3
     3 | D:1      | Noticed an electric eel
     3 | D:1      | Noticed an electric eel
   247 | D:1      | Reached skill level 4 in Polearms
   247 | D:1      | Reached XP level 2. HP: 22/22 MP: 5/5
   737 | D:2      | Reached skill level 5 in Polearms
   737 | D:2      | Reached XP level 3. HP: 27/27 MP: 6/6
  1107 | D:2      | Reached skill level 6 in Polearms
  1107 | D:2      | Reached XP level 4. HP: 3/33 MP: 7/7
  1109 | D:2      | HP: 1/33 [poisoned by an adder]
  1110 | D:2      | Slain by a kobold

Skill      XL: |  1  2  3 |
---------------+----------+-----
Polearms       | 4 5 6 |  6.1
Fighting       | |  2.1
Armour         | |  0.6
Dodging        | |  2.6
Spellcasting   | |  2.0
Charms         | |  3.2

Action                   |  1- 3 |  4- 6 || total
-------------------------+-------+-------++-------
Melee: Spear             |   122 |       ||   122
  Use: Potion            |     1 |       ||     1
       Scroll            |       |     3 ||     3
 Stab: Sleeping          |     1 |       ||     1
Armor: Leather armour    |    16 |     1 ||    17
       Skin              |     2 |       ||     2
Dodge: Dodged            |    80 |       ||    80
Block: Buckler           |    11 |       ||    11
